 Dungeon Crawl Stone Soup version 0.21.1-1-g345015f (webtiles) character file.

198 microfolk the Changer (level 5, 0/45 HPs)
             Began as a Draconian Transmuter on May 14, 2018.
             Slain by a river rat (8 damage)
             ... in a sewer.
             The game lasted 00:07:49 (3147 turns).

microfolk the Changer (Draconian Transmuter)        Turns: 3147, Time: 00:07:50

Health: 0/45       AC:  5    Str: 13    XL:     5   Next: 47%
Magic:  5/8        EV: 12    Int: 14    God:
Gold:   55         SH:  0    Dex: 11    Spells: 2/8 levels left

rFire    . . .     SeeInvis .     - Unarmed
rCold    . . .     Gourm    .   (no shield)
rNeg     . . .     Faith    .   (armour unavailable)
rPois    .         Spirit   .   (helmet restricted)
rElec    .         Reflect  .   (no cloak)
rCorr    .         Harm     .   (no gloves)
MR       .....                  (boots currently unavailable)
Stlth    +.........             (no amulet)
HPRegen  0.15/turn              (no ring)
MPRegen  0.11/turn              (no ring)

@: appendage
A: unfitting armour, talons 3, cold-blooded, AC +5
a: End Transformation


You were in a sewer.
You were not hungry.
You had grown temporary talons.
You visited 1 branch of the dungeon, and saw 3 of its levels.
You also visited: Sewer.

You collected 55 gold pieces.

Inventory:

Hand Weapons
 e - a +0 hunting sling
Missiles
 a - 25 arrows
 p - 67 stones (quivered)
Armour
 f - a cursed +0 buckler
Jewellery
 m - an uncursed amulet of faith {unknown}
 n - an uncursed ring of positive energy {unknown}
Scrolls
 h - a scroll of amnesia {unknown}
 j - 2 scrolls of immolation {unknown}
 k - a scroll of teleportation
 q - a scroll of remove curse {@r2}
Potions
 g - a potion of haste
 i - a potion of magic
 r - a potion of resistance
Books
 b - a book of Changes

   Spells                             Type                      Level
   a - Beastly Appendage              Transmutation                1
   b - Sticks to Snakes               Transmutation                2
   c - Spider Form                    Transmutation/Poison         3
   d - Ice Form                       Ice/Transmutation            4
   e - Blade Hands                    Transmutation                5
Comestibles
 c - a ration
 o - 6 chunks of flesh


   Skills:
 + Level 3.0 Fighting
 - Level 1.7 Dodging
 + Level 4.0 Unarmed Combat
 - Level 2.0 Spellcasting
 * Level 4.3 Transmutations


You had 2 spell levels left.
You knew the following spells:

 Your Spells              Type           Power        Failure   Level  Hunger
a - Beastly Appendage     Tmut           ##....       4%          1    ##.....
b - Sticks to Snakes      Tmut           ##......     6%          2    ###....
c - Spider Form           Tmut/Pois      #.........   28%         3    ####...


Dungeon Overview and Level Annotations

Branches:
Dungeon (3/15)

Altars:
Hepliaklqana

Annotations:
D:2 4 transporters Sewer exclusion: 2 doors


Innate Abilities, Weirdness & Mutations

Your plain brown scales are hard. (AC +5)
You cannot fit into any form of body armour.
You are cold-blooded and may be slowed by cold attacks.
You have claws for feet.


Message History

A river rat comes into view.
Casting: Sticks to Snakes
Confirm with . or Enter, or press ? or * to list all spells.
Your feet morph into talons.
The river rat bites you.
* * * LOW HITPOINT WARNING * * *
You barely miss the river rat. The river rat bites you.
* * * LOW HITPOINT WARNING * * *
You closely miss the river rat. The river rat barely misses you.
You hit the river rat.
The river rat is lightly wounded.
The river rat bites you.
* * * LOW HITPOINT WARNING * * *
You closely miss the river rat.
The river rat is lightly wounded.
The river rat bites you.
* * * LOW HITPOINT WARNING * * *
Casting: Beastly Appendage
Confirm with . or Enter, or press ? or * to list all spells.
You create a snake!
You now have 25 arrows.
The river rat bites you!
You die...

≈≈..### ...............##......##
≈≈≈≈≈≈≈##..........((.........≈≈≈
≈≈≈≈≈≈≈≈≈≈≈≈≈≈...........≈≈≈≈≈≈≈≈
≈≈≈≈≈≈≈≈≈≈≈≈≈≈≈≈≈≈≈≈≈≈≈≈≈≈≈≈≈≈≈≈≈
≈≈≈≈≈≈≈≈≈≈≈≈≈≈≈≈≈≈≈≈≈≈≈≈≈≈≈≈≈≈≈≈≈
≈≈≈≈≈≈≈≈≈≈≈≈≈≈≈≈.......≈≈≈≈≈≈≈≈≈≈
≈≈≈≈≈≈≈≈≈≈≈≈≈≈≈†÷.........≈≈≈≈≈≈≈
≈≈≈≈≈............S...........≈≈≈≈
................@r...............
.......†.........................
..........##..†÷.................
........#####.......##...........
###...### #...##..#####......###
##### #∩..#####..######...## #
#### ##..∩# ##### #####


You could see a river rat and a friendly adder.

Vanquished Creatures
  Natasha (twice) (D:2)
  5 adders
  A river rat (Sewer)
  An ooze (D:1)
  A worm (D:2)
  4 dart slugs
  2 leopard geckos (D:1)
  4 giant cockroaches
  6 goblins
  4 hobgoblins
  3 jackals
  4 quokkas (D:2)
  2 ball pythons
  3 bats
  3 frilled lizards
  6 kobolds
  14 rats
65 creatures vanquished.

Vanquished Creatures (collateral kills)
  An adder (D:2)
  2 river rats (Sewer)
  A jackal (D:2)
  2 rats (Sewer)
6 creatures vanquished.

Grand Total: 71 creatures vanquished

Notes
Turn   | Place    | Note
-------+----------+-------------------------------------------
     0 | D:1      | microfolk the Draconian Transmuter began the quest for the Orb.
     0 | D:1      | Reached XP level 1. HP: 16/16 MP: 3/3
   137 | D:1      | Reached XP level 2. HP: 15/23 MP: 3/5
   145 | D:1      | Learned a level 2 spell: Sticks to Snakes
   531 | D:1      | Reached XP level 3. HP: 18/29 MP: 6/6
  1132 | D:2      | Reached XP level 4. HP: 31/36 MP: 0/7
  1208 | D:2      | Noticed a bullfrog
  1209 | D:2      | Found a hazy altar of Hepliaklqana.
  1209 | D:2      | Noticed a big kobold
  1213 | D:2      | Found a transporter.
  1228 | D:2      | Found a transporter.
  1831 | D:2      | Noticed Natasha
  1838 | D:2      | Learned a level 3 spell: Spider Form
  1952 | D:2      | Killed Natasha
  1987 | D:2      | Noticed Natasha
  1996 | D:2      | Killed Natasha
  1996 | D:2      | Reached XP level 5. HP: 29/42 MP: 3/8
  2481 | D:2      | Found a hazy altar of Hepliaklqana.
  2481 | D:2      | Found a transporter.
  2492 | D:2      | Found a transporter.
  2804 | D:3      | Found a glowing drain.
  2813 | Sewer    | Entered a sewer
  3147 | Sewer    | Slain by a river rat

Skill      XL: |  1  2  3  4  5 |
---------------+----------------+-----
Transmutations | 3 4 |  4.3
Fighting       | 2 3 |  3.0
Unarmed Combat | 4 |  4.0
Dodging        | |  1.7
Spellcasting   | |  2.0

Action                   |  1- 3 |  4- 6 || total
-------------------------+-------+-------++-------
Melee: Unarmed           |   138 |   127 ||   265
       Tailslap          |    13 |     8 ||    21
       Kick              |     5 |     4 ||     9
       Headbutt          |     9 |       ||     9
Throw: Stone             |     9 |    11 ||    20
 Cast: Beastly Appendage |    20 |     5 ||    25
       Sticks to Snakes  |     5 |     9 ||    14
       Spider Form       |       |     3 ||     3
  Use: Scroll            |     2 |     6 ||     8
       Potion            |       |     1 ||     1
  Eat: Chunk             |     2 |     4 ||     6
       Ration            |       |     1 ||     1
Armor: Skin              |    41 |    48 ||    89
Dodge: Dodged            |   101 |   115 ||   216
